[Event "Early-Titled-Tuesday-Blitz-January-23-2024"]
[Site "Chess.com"]
[Date "2024.01.23"]
[Round "2"]
[White "Tsyhanchuk_Stanislav"]
[Black "FARIZA2018"]
[Result "0-1"]
[WhiteElo "2295"]
[BlackElo "2524"]
[TimeControl "180+1"]
[EndTime "8:16:16 PST"]
[Termination "FARIZA2018 won on time"]

1. e4 e5 2. Nf3 Nc6 3. Bb5 a6 4. Ba4 Nf6 5. O-O Be7 6. Re1 b5 7. Bb3 d6 8. c3 O-O 9. h3 Bb7 10. d4 Re8 11. Nbd2 Bf8 12. Bc2 g6 13. Nf1 h6 14. Ng3 Bg7 15. a4 exd4 16. cxd4 Nb4 17. Bb1 c5 18. d5 Nd7 19. axb5 axb5 20. Rxa8 Qxa8 21. Bd3 Nxd3 22. Qxd3 c4 23. Qc2 Nc5 24. Be3 Nd3 25. Rb1 Qa2 26. Bd4 b4 27. Bxg7 Kxg7 28. Nd2 Ba6 29. Ne2 c3 30. Nb3 Nxb2 31. Ned4 Bd3 32.
Rxb2 cxb2 33. Qxd3 b1=Q+ 0-1

[Event "Early-Titled-Tuesday-Blitz-January-23-2024"]
[Site "Chess.com"]
[Date "2024.01.23"]
[Round "2"]
[White "tusplingher"]
[Black "GothamChess"]
[Result "0-1"]
[WhiteElo "2505"]
[BlackElo "2757"]
[TimeControl "180+1"]
[EndTime "8:16:18 PST"]
[Termination "GothamChess won by resignation"]

1. e4 d5 2. exd5 Qxd5 3. Nc3 Qa5 4. Nf3 Nf6 5. d4 Bf5 6. Bc4 e6 7. O-O Bb4 8. Bd2 Nc6 9. a3 Bxc3 10. Bxc3 Qb6 11. a4 a5 12. Ne5 O-O 13. Bb5 Nxe5 14. dxe5 Nd5 15. Ra3 Nxc3 16. Rxc3 c6 17. Bd3 Qxb2 18.
Rb3 Qxe5 19. Bxf5 Qxf5 20. Rxb7 Rad8 21. Qe2 Rd5 22. Rc7 Rc5 23. Qa6 Qxc2 24. Rc8 g6 25. Rxf8+ Kxf8 26. Qc8+ Kg7 27. Qd8 Qc3 28. Qd6 Qe5 29. Qd2 Rc4 30. Qd1 Qd4 31. Qb3 Rxa4 32. Qb1 Rb4 33. Qa2 a4 34. h3 Qb2 35. Ra1 Qxa2 36. Rxa2 Kf6 37. Kf1 Ke5 38. Ke2 Kd4 39.
Kd2 c5 40. f3 c4 41. Kc2 c3 0-1

[Event "Early-Titled-Tuesday-Blitz-January-23-2024"]
[Site "Chess.com"]
[Date "2024.01.23"]
[Round "2"]
[White "Shodikulov_Jamshid1990"]
[Black "Arlo2024"]
[Result "0-1"]
[WhiteElo "2493"]
[BlackElo "2284"]
[TimeControl "180+1"]
[EndTime "8:16:18 PST"]
[Termination "Arlo2024 won by resignation"]

1. e4 e6 2. d4 d5 3. Nd2 dxe4 4. Nxe4 Nd7 5. Nf3 Ngf6 6. Bd3 Nxe4 7. Bxe4 Nf6 8. Bd3 b6 9. Ne5 Bb7 10. Bb5+ c6 11. Nxc6 Qd5 12. c4 Qxg2 13. Ne5+ Kd8 14. Rf1 Bb4+ 15. Bd2 Qe4+ 16. Qe2 Bxd2+ 17. Kxd2 Ke7 18.
Qxe4 Nxe4+ 19. Ke3 Nd6 20. Nc6+ Kf6 21. Rac1 a6 22. Ba4 Rac8 23. Ne5 Rhd8 24. Nd7+ Ke7 25. Nxb6 Nf5+ 26. Ke2 Nxd4+ 27. Ke1 Nf3+ 28. Ke2 Rc5 29. Rfd1 Re5+ 30. Kf1 Nxh2+ 31. Kg1 Nf3+ 32. Kf1 Nd2+ 33. Kg1 Rg5+ 34. Kh2 Rg2+ 35. Kh3 Rd3+ 36. Kh4 g5+ 0-1

[Event "Early-Titled-Tuesday-Blitz-January-23-2024"]
[Site "Chess.com"]
[Date "2024.01.23"]
[Round "2"]
[White "Janosik"]
[Black "ATM622"]
[Result "1-0"]
[WhiteElo "2841"]
[BlackElo "2501"]
[TimeControl "180+1"]
[EndTime "8:16:19 PST"]
[Termination "Janosik won on time"]

1. d4 Nf6 2. c4 e6 3. Nc3 Bb4 4. Qc2 d5 5. cxd5 exd5 6. Bg5 c6 7. e3 h6 8. Bh4 O-O 9. Bd3 Nbd7 10. Ne2 Re8 11. O-O Nf8 12. a3 Be7 13. b4 Ng4 14. Bg3 h5 15. h3 h4 16. Bf4 Nf6 17. b5 Ne6 18. Be5 Bd6 19. bxc6 bxc6 20. Na4 Qc7 21. f4 Nh5 22. Rac1 Bd7 23. Bh7+ Kh8 24. Bf5 Rf8 25. Bg4 Ng3 26. Nxg3 hxg3 27. Bxe6 Bxe6 28. Nc5 Bxe5 29. fxe5 Qe7 30. Rf4 Qg5 31. Rcf1 1-0

[Event "Early-Titled-Tuesday-Blitz-January-23-2024"]
[Site "Chess.com"]
[Date "2024.01.23"]
[Round "2"]
[White "BestStelker"]
[Black "KetiTsatsalashvili"]
[Result "0-1"]
[WhiteElo "2677"]
[BlackElo "2408"]
[TimeControl "180+1"]
[EndTime "8:16:20 PST"]
[Termination "KetiTsatsalashvili won by resignation"]

1. Nf3 Nf6 2. c4 e6 3. g3 d5 4. Bg2 c5 5. O-O d4 6. d3 Nc6 7.
e3 Be7 8. exd4 cxd4 9. a3 a5 10. Bg5 O-O 11. Nbd2 h6 12. Bxf6 Bxf6 13. Rc1 a4 14.
Qe2 Re8 15. Rfe1 e5 16. c5 Na5 17. Qd1 Bd7 18. Nc4 Nxc4 19. Rxc4 Bb5 20. Rc1 Bc6 21. h4 g6 22. Nd2 Bxg2 23. Kxg2 Qd5+ 24. Qf3 Qxf3+ 25.
Kxf3 Bg7 26. Rc4 h5 27. Ne4 f5 28. Nd6 Re7 29. Rxd4 e4+ 30. dxe4 Bxd4 31. Rb1 Bxc5 0-1

[Event "Early-Titled-Tuesday-Blitz-January-23-2024"]
[Site "Chess.com"]
[Date "2024.01.23"]
[Round "2"]
[White "Semetey"]
[Black "Fandorine"]
[Result "0-1"]
[WhiteElo "2616"]
[BlackElo "2974"]
[TimeControl "180+1"]
[EndTime "8:16:21 PST"]
[Termination "Fandorine won on time"]

1. d4 Nf6 2. c4 g6 3. Nc3 Bg7 4.
e3 d6 5. Nf3 O-O 6. Be2 c5 7. O-O Nc6 8. h3 Bf5 9. b3 Ne4 10. Bb2 Qa5 11. Nxe4 Bxe4 12. Qd2 Qxd2 13. Nxd2 Bf5 14. Nf3 Rfd8 15. Rfd1 a5 16. Ba3 a4 17. Bd3 axb3 18. axb3 Bxd3 19. Rxd3 e5 20. dxe5 Nxe5 21. Nxe5 Bxe5 22. Ra2 Ra6 23. f4 Bg7 24. Rdd2 Rda8 0-1

[Event "Early-Titled-Tuesday-Blitz-January-23-2024"]
[Site "Chess.com"]
[Date "2024.01.23"]
[Round "2"]
[White "rezamahdavi2008"]
[Black "jeetjain"]
[Result "1-0"]
[WhiteElo "2840"]
[BlackElo "2559"]
[TimeControl "180+1"]
[EndTime "8:16:21 PST"]
[Termination "rezamahdavi2008 won by resignation"]

1. e4 c6 2. d4 d5 3. e5 c5 4. dxc5 Nc6 5. f4 e6 6. Be3 d4 7. Bf2 Bxc5 8. Nd2 a6 9. Qf3 Nge7 10. a3 O-O 11. Bd3 b5 12. O-O-O Bb7 13. Bxh7+ Kxh7 14. Ne4 Kg8 15. Nxc5 Qb6 16. Nd7 Qc7 17. Nxf8 Rxf8 18. Qd3 Na5 19. Nf3 Nd5 20. Ng5 g6 21. Qh3 Rc8 22. Rd2 Nc4 23. Rhd1 Nxd2 24. Rxd2 b4 25. axb4 Kf8 26. Bxd4 Ke8 27. Bc5 a5 28. Ne4 axb4 29. Nf6+ Nxf6 30. Qh8+ 1-0

[Event "Early-Titled-Tuesday-Blitz-January-23-2024"]
[Site "Chess.com"]
[Date "2024.01.23"]
[Round "2"]
[White "dozer80"]
[Black "Maftuna2303"]
[Result "0-1"]
[WhiteElo "2712"]
[BlackElo "2416"]
[TimeControl "180+1"]
[EndTime "8:16:24 PST"]
[Termination "Maftuna2303 won by resignation"]

1. d4 d5 2. c4 dxc4 3. e3 Nf6 4. Nf3 e6 5. Bxc4 a6 6. O-O c5 7. Qe2 b5 8. Bd3 cxd4 9. a4 b4 10. Rd1 Nbd7 11. Nxd4 Bb7 12. a5 Be7 13. e4 Qc7 14. Bg5 O-O 15. Nd2 Nc5 16. e5 Nd5 17. Bxe7 Qxe7 18.
g3 Nxd3 19. Qxd3 Rad8 20. Ne4 Ba8 21. h4 Qb7 22. Re1 Ne7 23. Qe3 Nf5 24. Nxf5 exf5 25. e6 fxe4 26. e7 Qxe7 0-1

[Event "Early-Titled-Tuesday-Blitz-January-23-2024"]
[Site "Chess.com"]
[Date "2024.01.23"]
[Round "2"]
[White "FREZZY23"]
[Black "campochess"]
[Result "1-0"]
[WhiteElo "2451"]
[BlackElo "2109"]
[TimeControl "180+1"]
[EndTime "8:16:25 PST"]
[Termination "FREZZY23 won by resignation"]

1. c4 e6 2. Nf3 d5 3. g3 c6 4. Bg2 Nf6 5. O-O Be7 6. Nc3 d4 7. Nb1 c5 8. d3 Nc6 9. a3 e5 10. Qa4 Bd7 11. Bd2 O-O 12. Rc1 e4 13.
Ne1 Ne5 14. Qc2 exd3 15. Nxd3 Bf5 16. Bxb7 Rb8 17. Bg2 Qb6 18. Bf4 Bd6 19. b4 Bxd3 20. exd3 Ng6 21. Bxd6 Qxd6 22. b5 Rfe8 23. Nd2 Re2 24.
Bf3 Re7 25. a4 Rbe8 26. a5 Ne5 27. Bg2 Neg4 28. Ne4 Nxe4 29. Bxe4 g6 30. Rcb1 Ne5 31. b6 axb6 32. axb6 Rb8 33. b7 Nc6 34. Rb6 Rc7 35.
Ra8 Rxb7 36. Rxb8+ Qxb8 37. Rxc6 Rb2 38. Qa4 Qe5 39.
Rc8+ Kg7 40. Qe8 Kh6 41. Qxe5 1-0

[Event "Early-Titled-Tuesday-Blitz-January-23-2024"]
[Site "Chess.com"]
[Date "2024.01.23"]
[Round "2"]
[White "Alexei_Kornev"]
[Black "EvgenyBurmakin"]
[Result "1-0"]
[WhiteElo "2719"]
[BlackElo "2434"]
[TimeControl "180+1"]
[EndTime "8:16:26 PST"]
[Termination "Alexei_Kornev won by resignation"]

1. e4 c5 2. Nf3 d6 3. Bb5+ Nd7 4. a4 a6 5. Be2 g6 6. O-O Bg7 7. c3 Ngf6 8. d3 O-O 9. Nbd2 b6 10. Re1 Bb7 11.
Nf1 e5 12. Ng3 d5 13. exd5 Nxd5 14. Rf1 Qc7 15. Qb3 Nf4 16. Bxf4 exf4 17. Ne4 Rae8 18. Rfe1 h6 19. Ned2 Re6 20. Bf1 Rfe8 21. Rxe6 Rxe6 22.
d4 cxd4 23. Nxd4 Bxd4 24. cxd4 Nf6 25. Nf3 Kg7 26. Ne5 Bd5 27. Qd1 Qb7 28. Rc1 Ne8 29. Qg4 g5 30. h4 f6 31. Nd3 Qe7 32. Nxf4 Re4 33. Nxd5 Rxg4 34. Nxe7 Nd6 35. hxg5 hxg5 36. d5 Rxa4 37. Nc8 Nxc8 38. Rxc8 Rd4 39. Rc6 Rxd5 40.
Rxb6 Rd2 41. Bxa6 g4 42. g3 1-0

[Event "Early-Titled-Tuesday-Blitz-January-23-2024"]
[Site "Chess.com"]
[Date "2024.01.23"]
[Round "2"]
[White "kleinebeer98"]
[Black "Lady_Nika"]
[Result "1-0"]
[WhiteElo "2852"]
[BlackElo "2563"]
[TimeControl "180+1"]
[EndTime "8:16:28 PST"]
[Termination "kleinebeer98 won by checkmate"]

1. e4 e6 2. c4 d5 3. cxd5 exd5 4.
Qb3 Nf6 5. e5 Ne4 6. Nc3 Nxc3 7.
bxc3 Be7 8. d4 O-O 9. Bd3 c5 10. Qc2 g6 11. Nf3 Nc6 12. h3 Qa5 13. O-O c4 14.
Be2 Bf5 15. Qd2 b5 16. Qh6 Nd8 17. Ng5 Bxg5 18. Bxg5 Ne6 19. Bf6 Qxc3 20. Rad1 Rfb8 21. Bf3 Rd8 22. Rfe1 Qb4 23. Bg4 Bxg4 24. hxg4 Qf8 25. Qh4 Rdc8 26. Re3 h6 27. Rh3 Kh7 28. g3 c3 29. Kg2 c2 30. Qxh6+ Qxh6 31. Rxh6+ Kxh6 32. Rh1# 1-0

[Event "Early-Titled-Tuesday-Blitz-January-23-2024"]
[Site "Chess.com"]
[Date "2024.01.23"]
[Round "2"]
[White "viniciusrego"]
[Black "olawsson"]
[Result "1-0"]
[WhiteElo "2456"]
[BlackElo "2149"]
[TimeControl "180+1"]
[EndTime "8:16:28 PST"]
[Termination "viniciusrego won on time"]

1. d4 d6 2. c4 g6 3. Nc3 Bg7 4. e4 Nc6 5. Nf3 Bg4 6. Be3 e5 7. d5 Nd4 8. Be2 Nxe2 9. Qxe2 Nf6 10. h3 Bd7 11. O-O Nh5 12. Nd2 Nf4 13. Qf3 Qf6 14. c5 O-O 15. cxd6 cxd6 16. Kh2 b5 17. Ne2 g5 18. Ng3 g4 19. Qd1 gxh3 20. Nh5 Qh4 21. g3 Qxh5 22. gxf4 Qh4 23. Rg1 Kh8 24. f5 Bf6 25.
Rg4 1-0

[Event "Early-Titled-Tuesday-Blitz-January-23-2024"]
[Site "Chess.com"]
[Date "2024.01.23"]
[Round "2"]
[White "sonicdravise"]
[Black "NewYearGirl"]
[Result "1-0"]
[WhiteElo "2651"]
[BlackElo "2363"]
[TimeControl "180+1"]
[EndTime "8:16:30 PST"]
[Termination "sonicdravise won by resignation"]

1. d4 Nf6 2. c4 c5 3. d5 b5 4. cxb5 a6 5. bxa6 e6 6. Nc3 exd5 7. Nxd5 Be7 8. e4 O-O 9. Bc4 Nxe4 10. Nf3 Bxa6 11. Bxa6 Nxa6 12. O-O Bd6 13. Nc3 Nxc3 14. Qxd6 Ne2+ 15. Kh1 Nxc1 16. Raxc1 Qa5 17. a3 Rab8 18. Rc2 Qa4 19. Rd2 h6 20. Ne5 Qb5 21. Rfd1 Rb6 22. Qxd7 Qb3 23. Rd3 Qc2 24. R3d2 Qe4 25. Nxf7 Rg6 26.
f3 Qe3 27. Nd6 Rxf3 28. Qc8+ Kh7 29. Qxa6 Rf1+ 30. Qxf1 Qxd2 31. Rxd2 1-0

[Event "Early-Titled-Tuesday-Blitz-January-23-2024"]
[Site "Chess.com"]
[Date "2024.01.23"]
[Round "2"]
[White "LiadCuba"]
[Black "Rurep26"]
[Result "0-1"]
[WhiteElo "2445"]
[BlackElo "2781"]
[TimeControl "180+1"]
[EndTime "8:16:31 PST"]
[Termination "Rurep26 won by checkmate"]

1. d4 e6 2. c4 Nf6 3. Nc3 Bb4 4. f3 d5 5. a3 Bxc3+ 6. bxc3 c5 7. cxd5 Nxd5 8. dxc5 Qa5 9. e4 Ne7 10. Be3 Nd7 11. Qb3 O-O 12. Bb5 Nc6 13. Bxc6 bxc6 14.
Qb4 Qc7 15. Ne2 Ba6 16. c4 Ne5 17. Qc3 Nxc4 18. Bf4 e5 19. Bg3 Qe7 20. Kf2 Qxc5+ 21. Ke1 Rfd8 22. Rc1 Rab8 23. Bf2 Qe7 24. Ng3 Nb2 25.
Nf5 Qg5 26. h4 Nd3+ 27. Qxd3 Qxc1+ 28. Ke2 Bxd3# 0-1

[Event "Early-Titled-Tuesday-Blitz-January-23-2024"]
[Site "Chess.com"]
[Date "2024.01.23"]
[Round "2"]
[White "sakkikuska"]
[Black "Hikaru"]
[Result "0-1"]
[WhiteElo "2655"]
[BlackElo "3305"]
[TimeControl "180+1"]
[EndTime "8:16:33 PST"]
[Termination "Hikaru won by resignation"]

1. e4 g6 2. d4 Bg7 3. Nf3 c6 4. Be2 d5 5. Nc3 dxe4 6. Nxe4 Nf6 7. Nxf6+ exf6 8. O-O O-O 9. c3 Be6 10. Bf4 Nd7 11.
Re1 Re8 12. Qc2 b5 13. b3 Nb6 14. Rad1 Nd5 15. Bd2 Bg4 16. h3 Be6 17. c4 bxc4 18. bxc4 Nb6 19. a4 Bf5 20. Bd3 Bxd3 21. Qxd3 Nxa4 22.
Qb3 Nb6 23. Ba5 Rxe1+ 24. Rxe1 Rb8 25. Qc2 Qc8 26. Bxb6 axb6 27. Re7 Bf8 28. Ra7 Ra8 29. Qa4 Rxa7 30. Qxa7 b5 31. cxb5 cxb5 32. d5 b4 33. Qb6 Qc1+ 34. Kh2 Qc5 35. Qb7 Bd6+ 36. g3 Qxf2+ 0-1

[Event "Early-Titled-Tuesday-Blitz-January-23-2024"]
[Site "Chess.com"]
[Date "2024.01.23"]
[Round "2"]
[White "Alexchess1984"]
[Black "LyonBeast"]
[Result "0-1"]
[WhiteElo "2653"]
[BlackElo "3159"]
[TimeControl "180+1"]
[EndTime "8:16:34 PST"]
[Termination "LyonBeast won by resignation"]

1. e4 c5 2. Nf3 Nc6 3. Bb5 e6 4. Bxc6 bxc6 5. d3 Ne7 6. Qe2 d6 7. e5 Nf5 8. exd6 Bxd6 9. O-O O-O 10. Nc3 Nd4 11. Nxd4 cxd4 12. Ne4 Be7 13. f4 c5 14.
b3 Qd5 15. a4 Bb7 16. Ba3 Rac8 17. Rae1 Rfe8 18. Qf3 g6 19. Nd2 Qd7 20. Qe2 Bh4 21. Ra1 Bd5 22. Nf3 Be7 23. Ne5 Qb7 24. Rf2 Bd6 25.
Ng4 Kg7 26. Ne5 f6 27. Nc4 Bb8 28. Raf1 h5 29. Bc1 Rh8 30. Bd2 Rce8 31. Qd1 Qc6 32. Bc1 Bc7 33. Nd2 h4 34. h3 e5 35.
fxe5 Bxe5 36. Re2 Bg3 37. Nf3 Rxe2 38. Qxe2 Re8 39. Qd2 Re3 40. Qd1 Bxf3 41. gxf3 Qe6 42. Bxe3 dxe3 43. Qe2 Qxh3 44. Qg2 Qxg2+ 45. Kxg2 e2 0-1

[Event "Early-Titled-Tuesday-Blitz-January-23-2024"]
[Site "Chess.com"]
[Date "2024.01.23"]
[Round "2"]
[White "DuleMudule"]
[Black "InitiatingASC"]
[Result "1-0"]
[WhiteElo "2863"]
[BlackElo "2423"]
[TimeControl "180+1"]
[EndTime "8:16:36 PST"]
[Termination "DuleMudule won by resignation"]

1. d4 Nf6 2. Bg5 e6 3. e3 c6 4. Nd2 d5 5. Bd3 Nbd7 6. f4 Be7 7. Ngf3 h6 8. Bxf6 Nxf6 9. Qe2 Qb6 10. Rc1 Qxb2 11.
O-O Qa3 12. Ne5 O-O 13. g4 Nd7 14. Ndf3 c5 15. c3 b6 16. g5 hxg5 17. Nxd7 Bxd7 18. Nxg5 f5 19. Qh5 Bxg5 20. fxg5 Be8 21. g6 Bxg6 22. Qxg6 Rf6 23. Qg5 Qxa2 24. Rc2 Qa3 25. Rg2 Rf7 26. Be2 Qxc3 27. Bh5 Rd7 28. Bg6 Rf8 29. h4 cxd4 30. Rf3 dxe3 31. Rxe3 Qf6 32. Qh5 Rc8 33. Kh2 Rc1 34.
Reg3 Kf8 35. Be8 Rdc7 36. Qh8+ Ke7 37. Rxg7+ Kd6 38. Rd7+ Ke5 39. Re2+ 1-0

[Event "Early-Titled-Tuesday-Blitz-January-23-2024"]
[Site "Chess.com"]
[Date "2024.01.23"]
[Round "2"]
[White "WiktoriaPOL"]
[Black "Zgorl"]
[Result "0-1"]
[WhiteElo "2254"]
[BlackElo "2509"]
[TimeControl "180+1"]
[EndTime "8:16:37 PST"]
[Termination "Zgorl won by checkmate"]

1. c4 g6 2. Nc3 Bg7 3. g3 Nf6 4. Bg2 O-O 5. e4 d6 6. Nge2 c5 7. O-O Nc6 8. d3 a6 9. h3 Rb8 10. a4 Nd4 11. Rb1 Bd7 12. b4 b6 13. Be3 Nxe2+ 14. Nxe2 Qc7 15. f4 Bc6 16. Nc3 Nd7 17. Qc2 Ba8 18. Nd5 Bxd5 19. cxd5 Rfc8 20. Rfc1 Qd8 21.
Qb3 cxb4 22. Qxb4 Nc5 23. Qa3 Qd7 24. Rc4 b5 25. axb5 axb5 26. Rc2 Ra8 27. Qb4 Nxd3 28.
Rxc8+ Qxc8 29. Qxb5 Qc2 30. Bf1 Ra2 31. Qe8+ Bf8 32.
Rb8 Qh2# 0-1

[Event "Early-Titled-Tuesday-Blitz-January-23-2024"]
[Site "Chess.com"]
[Date "2024.01.23"]
[Round "2"]
[White "Flawless_Fighter"]
[Black "wild3000"]
[Result "1-0"]
[WhiteElo "2720"]
[BlackElo "2438"]
[TimeControl "180+1"]
[EndTime "8:16:39 PST"]
[Termination "Flawless_Fighter won by resignation"]

1. e4 e6 2. d4 a6 3. Nc3 b5 4.
Bd3 Bb7 5. Nf3 d6 6. O-O Nf6 7. Qe2 Be7 8. Bg5 h6 9. Bh4 Nbd7 10. e5 Nd5 11. Nxd5 Bxd5 12. Bxe7 Qxe7 13. a4 bxa4 14.
Rxa4 a5 15. Rfa1 O-O 16. Rxa5 Rxa5 17. Rxa5 dxe5 18. Nxe5 Nxe5 19. dxe5 Qb4 20. Ra7 Qxb2 21. h3 c5 22. Rc7 Qd4 23. Qe3 Qxe3 24. fxe3 c4 25. Bxc4 Bxc4 26. Rxc4 Ra8 27. Rc5 g5 28.
Kf2 Kg7 29. Kf3 Kg6 30. g4 Ra1 31. Rc3 Rh1 32. Kg2 Re1 33. Kf2 Rd1 34. Rd3 Rc1 35. c3 Ra1 36. e4 Ra5 37. Ke3 Rxe5 38. Kd4 f6 39. c4 Ra5 40. c5 f5 41. exf5+ exf5 42. Rc3 fxg4 43. hxg4 h5 44. c6 Ra8 45.
c7 Rc8 46. Rc6+ Kf7 47. gxh5 Ke7 48. h6 Kd7 49. Kd5 g4 50. Rc3 g3 51. Rxg3 Kxc7 52. Rc3+ 1-0

[Event "Early-Titled-Tuesday-Blitz-January-23-2024"]
[Site "Chess.com"]
[Date "2024.01.23"]
[Round "2"]
[White "norwaytoadog"]
[Black "MasterKroket"]
[Result "0-1"]
[WhiteElo "2275"]
[BlackElo "2515"]
[TimeControl "180+1"]
[EndTime "8:16:39 PST"]
[Termination "MasterKroket won on time"]

1. e4 e5 2. Nf3 Nc6 3. Bb5 a6 4. Ba4 Nf6 5. O-O Be7 6. Re1 b5 7. Bb3 O-O 8. a4 b4 9. d4 d6 10. dxe5 Nxe5 11. Nxe5 dxe5 12. Nd2 Bg4 13. f3 Bc5+ 14.
Kh1 Bh5 15. Nc4 Qxd1 16. Rxd1 Nxe4 17. Rf1 Nf2+ 18. Kg1 Rad8 19. Be3 Bxe3 20. Nxe3 Nd3 21. cxd3 Rxd3 22. Bxf7+ Bxf7 23. Rfe1 Be6 24. Kf2 e4 25. Ke2 Rb3 26. fxe4 Rxb2+ 27. Kd3 Rff2 28. Rad1 Bb3 29. Ng4 Rxg2 30. Ne3 Rxh2 31. e5 Bxd1 32. Rxd1 Rh5 33. Nc4 Rb3+ 34. Kd4 Kf7 35. Rf1+ Ke6 36. Rf8 Rh4+ 37. Kc5 Rc3 38. Re8+ Kd7 0-1

[Event "Early-Titled-Tuesday-Blitz-January-23-2024"]
[Site "Chess.com"]
[Date "2024.01.23"]
[Round "2"]
[White "Laico"]
[Black "ScofieldMichael01"]
[Result "0-1"]
[WhiteElo "2350"]
[BlackElo "2613"]
[TimeControl "180+1"]
[EndTime "8:16:40 PST"]
[Termination "ScofieldMichael01 won on time"]

1. e4 d5 2. exd5 Nf6 3. Bb5+ Bd7 4. Be2 Nxd5 5. d4 Nc6 6. a3 Bf5 7. Nf3 Qd7 8. c4 Nf6 9. d5 Nb8 10. Ne5 Qd8 11. Nc3 g6 12. g4 Bc8 13. c5 Bg7 14. Bf4 O-O 15. h4 Nbd7 16. h5 Nxc5 17. Bc4 Nfe4 18. Qf3 Nxc3 19. bxc3 g5 20. h6 Bxe5 21.
Bxe5 f6 22. Bd4 Qd6 23. Qe3 b6 24. O-O-O Ba6 25. Bxc5 bxc5 26. Bxa6 Qxa6 27. Qxe7 Qxa3+ 28. Kc2 Qa2+ 29. Kc1 Rf7 30. Qxc5 Rb8 0-1

[Event "Early-Titled-Tuesday-Blitz-January-23-2024"]
[Site "Chess.com"]
[Date "2024.01.23"]
[Round "2"]
[White "Statham_01"]
[Black "kekic76"]
[Result "1-0"]
[WhiteElo "2533"]
[BlackElo "2317"]
[TimeControl "180+1"]
[EndTime "8:16:40 PST"]
[Termination "Statham_01 won by resignation"]

1. Nc3 d5 2. d4 Nf6 3. Bf4 a6 4. e3 c5 5. Nf3 Nc6 6. Be2 e6 7. O-O Be7 8. Ne5 cxd4 9. exd4 Ne4 10. Nxe4 dxe4 11. Nxc6 bxc6 12. c3 O-O 13. Qc2 f5 14. Rad1 g5 15. Be5 Bf6 16. f4 g4 17. h3 gxh3 18. gxh3 Bxe5 19. dxe5 Qh4 20. Kh2 Kh8 21. Bc4 Rg8 22. Qf2 Qh6 23. Rd6 Qg6 24. Rg1 Qe8 25. Rxg8+ Qxg8 26. Qh4 Bb7 27. Qf6+ Qg7 28. Qxg7+ Kxg7 29. Rd7+ 1-0

[Event "Early-Titled-Tuesday-Blitz-January-23-2024"]
[Site "Chess.com"]
[Date "2024.01.23"]
[Round "2"]
[White "Ginger_GM"]
[Black "the_blue_pill"]
[Result "1-0"]
[WhiteElo "2683"]
[BlackElo "2271"]
[TimeControl "180+1"]
[EndTime "8:16:41 PST"]
[Termination "Ginger_GM won by resignation"]

1. d4 d5 2. Nc3 Bf5 3. f3 Nf6 4. g4 Bg6 5. h4 h5 6. g5 Ng8 7. Nh3 e6 8. Nf4 Ne7 9. e4 c6 10. Be3 Nd7 11. Bd3 Qc7 12. Qe2 a6 13. O-O-O b5 14. Nxg6 Nxg6 15. exd5 cxd5 16. Nxd5 exd5 17. Bf4+ Nde5 18. Bxg6 fxg6 19. Bxe5 Qe7 20. f4 Kf7 21. Rhf1 Qd7 22. Qg2 Rd8 23. f5 gxf5 24. g6+ Kg8 25. Qg5 Be7 26. Qxf5 Qxf5 27. Rxf5 Bxh4 28. Rf7 Bg5+ 29.
Kb1 Bh6 30. Rh1 Re8 31. Ra7 h4 32. Rxh4 Rf8 33. a3 Re8 34. Rh1 1-0

[Event "Early-Titled-Tuesday-Blitz-January-23-2024"]
[Site "Chess.com"]
[Date "2024.01.23"]
[Round "2"]
[White "Kopytkin"]
[Black "HamedWafa4"]
[Result "0-1"]
[WhiteElo "2393"]
[BlackElo "2726"]
[TimeControl "180+1"]
[EndTime "8:16:42 PST"]
[Termination "HamedWafa4 won on time"]

1. d4 g6 2. Nf3 Bg7 3. Bg5 c5 4. e3 Qb6 5. Nc3 h6 6. Bh4 cxd4 7. exd4 Nc6 8. Bc4 d6 9. O-O Bg4 10. h3 Bxf3 11. Qxf3 Nf6 12. Bxf6 Bxf6 13. Nd5 Qxd4 14. Rad1 Qxc4 15. Nxf6+ exf6 16. Qxf6 O-O 17. h4 Qxc2 18. h5 Qf5 19. Qxf5 gxf5 20. Rxd6 Kg7 21. Rd7 Rab8 22. Rc1 Rfd8 23. Rc7 Rd2 24. Rc5 Kf6 25. b4 Nxb4 26. Rb5 Nd3 27. Rbxb7 Rxb7 28. Rxb7 Rxa2 0-1

[Event "Early-Titled-Tuesday-Blitz-January-23-2024"]
[Site "Chess.com"]
[Date "2024.01.23"]
[Round "2"]
[White "JonasEilenberg"]
[Black "eljanov"]
[Result "0-1"]
[WhiteElo "2566"]
[BlackElo "2852"]
[TimeControl "180+1"]
[EndTime "8:16:43 PST"]
[Termination "eljanov won by checkmate"]

1. d4 d5 2. Bf4 c5 3. e3 Nc6 4. Nf3 cxd4 5. exd4 Bg4 6. c3 e6 7. Be2 Bd6 8. Bxd6 Qxd6 9. Nbd2 Nge7 10. h3 Bh5 11.
O-O O-O 12. Re1 f6 13. c4 Rad8 14. c5 Qc7 15. Qb3 e5 16. dxe5 fxe5 17. Ng5 Nd4 18.
Qd3 Bg6 19. Qc3 Nec6 20. Rac1 e4 21. Nb3 Nxe2+ 22. Rxe2 Qe7 23. Qg3 h6 24. Nf3 Bh5 25.
Re3 d4 26. Ree1 Bxf3 27. gxf3 e3 28. fxe3 dxe3 29. Rc3 e2 30. Rc2 Rf6 31. Rcxe2 Qf7 32. Kh2 Rxf3 33. Qg2 Qf4+ 34. Kh1 Rf8 35. Nd2 Rg3 36.
Qf1 Qh4 37. Re8 Rxh3+ 38. Kg2 Qg3# 0-1

[Event "Early-Titled-Tuesday-Blitz-January-23-2024"]
[Site "Chess.com"]
[Date "2024.01.23"]
[Round "2"]
[White "AwareIdea"]
[Black "viviania"]
[Result "0-1"]
[WhiteElo "2532"]
[BlackElo "2911"]
[TimeControl "180+1"]
[EndTime "8:16:43 PST"]
[Termination "viviania won by resignation"]

1. d4 Nf6 2. c4 e6 3. g3 c5 4.
d5 exd5 5. cxd5 b5 6. Bg2 d6 7. a4 b4 8. Nf3 g6 9. O-O Bg7 10. h3 O-O 11. Nbd2 Nbd7 12. Nc4 Nb6 13. Nxb6 axb6 14.
Nd2 b5 15. b3 Nd7 16. Rb1 bxa4 17. bxa4 Nb6 18. Qb3 Nxa4 19. Nc4 Ba6 20. Bf4 Nc3 21. Rb2 Bb5 22. Nxd6 Ra3 23. Qc2 Nxe2+ 24. Kh2 Nxf4 25. Nxb5 Bxb2 26. Nxa3 bxa3 27. gxf4 Qb8 28. Qc4 Qb4 29. Qa2 Qxf4+ 30. Kh1 Be5 0-1

[Event "Early-Titled-Tuesday-Blitz-January-23-2024"]
[Site "Chess.com"]
[Date "2024.01.23"]
[Round "2"]
[White "kubal123"]
[Black "GMBenjaminBok"]
[Result "0-1"]
[WhiteElo "2428"]
[BlackElo "2903"]
[TimeControl "180+1"]
[EndTime "8:16:43 PST"]
[Termination "GMBenjaminBok won by resignation"]

1. e4 c5 2. Nf3 d6 3. d4 cxd4 4. Nxd4 Nf6 5. Nc3 a6 6. h3 e5 7. Nde2 h5 8. Bg5 Be6 9. g3 Nbd7 10. Bg2 Be7 11. a4 Rc8 12. b3 O-O 13. O-O Rc5 14. Be3 Rc7 15. f4 Qc8 16. f5 Rxc3 17. Nxc3 Qxc3 18.
Qd2 Rc8 19. fxe6 fxe6 20. Rac1 b5 21. axb5 axb5 22. Qxc3 Rxc3 23. Kf2 d5 24. exd5 exd5 25. Rfd1 Ba3 26. Ra1 Rxc2+ 27. Rd2 Rxd2+ 28. Bxd2 Bc5+ 29. Be3 d4 30. Bg5 e4 31. Ra8+ Kf7 32. Rc8 d3+ 33.
Ke1 e3 34. Bc6 Bb4+ 0-1

[Event "Early-Titled-Tuesday-Blitz-January-23-2024"]
[Site "Chess.com"]
[Date "2024.01.23"]
[Round "2"]
[White "SandwichOSaumon"]
[Black "carloseduar100"]
[Result "1-0"]
[WhiteElo "2518"]
[BlackElo "2283"]
[TimeControl "180+1"]
[EndTime "8:16:43 PST"]
[Termination "SandwichOSaumon won by resignation"]

1. e4 e6 2. d4 d5 3. Nd2 c5 4. exd5 Qxd5 5. Ngf3 cxd4 6. Bc4 Qd7 7. O-O Nc6 8. Nb3 Nf6 9. Nbxd4 Nxd4 10. Nxd4 a6 11. Bb3 Bd6 12. c3 Qc7 13. h3 b5 14.
Re1 Bb7 15. Bxe6 O-O 16. Bb3 Rad8 17. Be3 Ne4 18. Qg4 Bh2+ 19. Kh1 Be5 20. Rad1 Rfe8 21. Kg1 Bh2+ 22. Kf1 Be5 23. Nf3 Bf6 24. Bd4 a5 25. Bxf6 Nxf6 26. Qg3 Qxg3 27. fxg3 b4 28. Ne5 Bd5 29.
Bxd5 Rxd5 30. Rxd5 Nxd5 31. c4 Nb6 32. b3 f6 33. Nc6 Rxe1+ 34. Kxe1 a4 35. Nxb4 axb3 36. axb3 Kf7 37. Kd2 Ke6 38. Nd3 g5 39. Kc3 h5 40.
b4 f5 41. Kd4 Nc8 42. h4 gxh4 43. gxh4 Ne7 44. Nf4+ Kd6 45. b5 1-0